 Dungeon Crawl Stone Soup version 0.29-a0-819-g94b489e0ae (webtiles) character file.

Game seed: 3473364724746210670

2 Morbidden the Gusty (level 1, 16/16 HPs)
             Began as a Troll Air Elementalist on July 7, 2022.
             Was a Plaything of Xom.
             Quit the game on level 1 of the Dungeon.
             The game lasted 00:00:19 (388 turns).

Morbidden the Gusty (Troll Air Elementalist)         Turns: 388, Time: 00:00:19

Health: 16/16      AC:  4    Str: 15    XL:     1   Next: 25%
Magic:  1/1        EV:  9    Int: 11    God:    Xom [..*...]
Gold:   18         SH:  0    Dex: 10    Spells: 1/2 levels left

rFire   . . .      SeeInvis +   (no weapon)
rCold   . . .      Faith    .   (no shield)
rNeg    . . .      Spirit   .   a - +0 robe
rPois   .          Reflect  .   (helmet restricted)
rElec   .          Harm     .   (no cloak)
rCorr   .          Rampage  .   (gloves unavailable)
Will    .....                   (boots unavailable)
Stlth   +.........              (no amulet)
HPRegen 0.85/turn               f - ring of see invisible
MPRegen 0.07/turn               (no ring)

@: no status effects
A: large, unfitting armour, claws 3, regeneration 1, shaggy fur 1, tough skin 1
a: Renounce Religion


You were on level 1 of the Dungeon.
You worshipped Xom.
You were a toy of Xom.
You visited 1 branch of the dungeon, and saw 1 of its levels.

You collected 18 gold pieces.

Inventory:

Armour
 a - a +0 robe (worn)
Jewellery
 f - a ring of see invisible (left claw)
Scrolls
 c - a scroll of summoning {unknown}
 d - a scroll of immolation {unknown}
 e - a scroll of identify {unknown}
 g - 2 scrolls of fear {unknown}
 h - a scroll of brand weapon {unknown}
Potions
 b - a potion of magic


   Skills:
 * Level 1.5 Dodging
 + Level 1.0 Stealth
 * Level 1.3 Spellcasting
 * Level 0.7 Conjurations
 * Level 2.0 Air Magic


You had one spell level left.
You knew the following spells:

 Your Spells              Type           Power      Damage    Failure   Level
a - Shock                 Conj/Air       12%        1d3       19%         1

Your spell library contained the following spells:

 Spells                   Type           Power      Damage    Failure   Level
 Static Discharge         Conj/Air       3%         3-4/arc   26%         2
 Swiftness                Air            5%         N/A       38%         3
 Airstrike                Air            2%         0-2+      80%         4


Dungeon Overview and Level Annotations

Branches:
Dungeon (1/15)

Altars:
Xom


Innate Abilities, Weirdness & Mutations

You are too large for most types of armour.
You have claws for hands.
Your natural rate of healing is unusually fast.
You are covered in fur. (AC +1)
You have tough skin. (AC +1)


Message History

You kill the kobold!
No target in view!
No target in view!
Unknown command.
No target in view!
No target in view!
Unknown command.
No target in view!
f - a ring of see invisible You now have 18 gold pieces (gained 7).
You see here 9 stones.
g - 2 scrolls labelled VAUD BUMARODEPE
f - a ring of see invisible (left claw)
Found a faded altar of an unknown god.
No target in view!
h - a scroll labelled UMAFYG FAG BISH No target in view!
You open the door.
There is an open door here.
Found a ring mail.
No target in view!
You see here a +0 ring mail.
Found a hand axe.
No target in view!
Found a whip.
Unknown command.
No target in view!
No target in view!
No target in view!
No target in view!
You see here a +0 ring mail.
There is an open door here.
Found a fuming silvery potion.
Found a scroll labelled UMAFYG FAG BISH.
There is a faded altar of an unknown god here.
You cannot tell which god this altar belongs to.
Convert to them anyway?
Xom accepts your prayer! Xom welcomes you!
Xom is intrigued!
Are you sure you want to abandon this character and quit the game? (Confirm with "yes".)

#..#### #####..... #..# #
....#..... #..#
#......... #..####
#......... #.....#
#......?# #.....#
#.......#####.....#
#...........#.....#
#######@#....##..#.....#
........#........#.....#
#######.#........#.....#
..............[)..#+##.#
#######.###..###.......#
!.............(........#
#.######................#
#. #....###(.).........#
#.###+##..........#..##.#


There were no monsters in sight!

Vanquished Creatures
  A hobgoblin (D:1)
  A kobold (D:1)
2 creatures vanquished.

Notes
Turn   | Place    | Note
-------+----------+-------------------------------------------
     0 | D:1      | Morbidden the Troll Air Elementalist began the quest for
                  | the Orb.
     0 | D:1      | Reached XP level 1. HP: 16/16 MP: 1/1
   257 | D:1      | Found a faded altar of an unknown god.
   387 | D:1      | Prayed at the altar of an unknown god.
   387 | D:1      | Became a worshipper of Xom of Chaos
   388 | D:1      | Quit the game

Illustrated notes

Levels and vault maps discovered:
D:1:      dpeg_arrival_tiny_i, layout_basic, hellmonk_ecumenical_altar_lost_god

Action                   || total
-------------------------++-------
Melee: Unarmed           ||     4
Armor: Robe              ||     1
Dodge: Dodged            ||     2

Table legend: (Time is in decaauts)
 A = Elapsed time spent in this place.
 B = Non-inter-level travel time spent in this place.
 C = Inter-level travel time spent in this place.
 D = Time resting spent in this place.
 E = Time spent auto-exploring this place.
 F = Levels seen in this place.
 G = Mean time per level.
                   A        B        C        D        E       F      G
               +--------+--------+--------+--------+--------+-----+--------+
         Total |    387 |    324 |     63 |      0 |    300 |   1 |  387.0 |
       Dungeon |    387 |    324 |     63 |      0 |    300 |   1 |  387.0 |
               +--------+--------+--------+--------+--------+-----+--------+

Top non-repeatable levels by time:
     D:1: 387 daAuts
